 Dungeon Crawl Stone Soup version 0.23-a0-335-gba3dfdf (webtiles) character file.

23 HoaS the Bolt Thrower (level 3, -2/22 HPs)
             Began as a Gargoyle Hunter on Oct 16, 2018.
             Slain by a hound (4 damage)
             ... on level 2 of the Dungeon on Oct 17, 2018.
             The game lasted 00:08:22 (1114 turns).

HoaS the Bolt Thrower (Gargoyle Hunter)             Turns: 1114, Time: 00:08:23

Health: -2/22      AC:  6    Str: 16    XL:     3   Next: 0%
Magic:  3/3        EV: 11    Int: 11    God:
Gold:   52         SH:  0    Dex: 10    Spells: 2/2 levels left

rFire    . . .     SeeInvis .     - Unarmed
rCold    . . .     Gourm    .   (no shield)
rNeg     + . .     Faith    .   c - +0 leather armour
rPois    ∞         Spirit   .   (no helmet)
rElec    +         Reflect  .   (no cloak)
rCorr    .         Harm     .   (no gloves)
MR       .....                  (no boots)
Stlth    +.........             (no amulet)
HPRegen  0.07/turn              (no ring)
MPRegen  0.08/turn              (no ring)

@: no status effects
A: negative energy resistance 1, electricity resistance, unbreathing,
petrification resistance, rot immunity, AC +3
a: no special abilities


You were on level 2 of the Dungeon.
You were hungry.

You visited 1 branch of the dungeon, and saw 2 of its levels.

You collected 52 gold pieces.

Inventory:

Hand Weapons
 a - a +1 hand crossbow
Missiles
 d - 36 bolts
Armour
 c - a +0 leather armour (worn)
 j - a +1 chain mail
Scrolls
 i - a scroll of fear
Potions
 l - a potion of resistance {unknown}
 m - a potion of curing {unknown}
Comestibles
 f - 2 rations
 k - 3 chunks of flesh


   Skills:
 - Level 2.7 Fighting
 - Level 4.1 Crossbows
 - Level 0.7 Armour
 - Level 1.5 Dodging
 - Level 1.1 Stealth
 + Level 1.4 Unarmed Combat


You had 2 spell levels left.
You didn't know any spells.
Your spell library was empty.

Dungeon Overview and Level Annotations

Branches:
Dungeon (2/15)

Altars:


Innate Abilities, Weirdness & Mutations

You are resistant to torment.
Your stone body is resilient. (AC +3)
You are immune to poison.
You resist negative energy. (rN+)
You are resistant to electric shocks. (rElec)
You can survive without breathing.
You are immune to petrification.
You are immune to rotting.


Message History

Sorry, you're not good enough to have a special ability.
You hit the hobgoblin.
You kill the hobgoblin!
You have reached level 3!
Your experience leads to an increase in your attributes!
Increase (S)trength, (I)ntelligence, or (D)exterity?
You feel stronger. The hound closely misses you.
The hound bites you but does no damage.
You hit the hound but do no damage. The hound barely misses you.
The ball python bites you but does no damage.
The ball python closely misses you.
You barely miss the hound. The hound bites you.
* * * LOW HITPOINT WARNING * * *
The ball python closely misses you. The ball python barely misses you.
The hound closely misses you. The ball python closely misses you.
The ball python misses you.
You closely miss the hound. The hound barely misses you.
The ball python barely misses you. The ball python closely misses you.
You closely miss the hound. The hound bites you.
You die...

h#####......<.......
.........#.####.###.
.####..###.###.#
##>.## ##....#
#....###.###.#
#.....#.## #......##
#..
##....######.....
##.....h@Sb....#
.....#.######....#
......### ..<
....... . .......
...##. ...


You could see a hound, a bat and a ball python.

Vanquished Creatures
  2 dart slugs
  A giant cockroach (D:1)
  4 goblins
  5 hobgoblins
  A kobold (D:1)
  2 frilled lizards (D:1)
  2 rats (D:1)
17 creatures vanquished.

Notes
Turn   | Place    | Note
-------+----------+-------------------------------------------
     0 | D:1      | HoaS the Gargoyle Hunter began the quest for the Orb.
     0 | D:1      | Reached XP level 1. HP: 12/12 MP: 1/1
   190 | D:1      | Reached XP level 2. HP: 18/18 MP: 2/2
  1071 | D:2      | Upgraded the game from 0.23-a0-329-g6f3f904 to
                  | 0.23-a0-335-gba3dfdf
  1089 | D:2      | Reached skill level 1 in Unarmed Combat
  1110 | D:2      | Reached XP level 3. HP: 6/22 MP: 3/3
  1114 | D:2      | Slain by a hound

Vault maps used:
D:1:      tarquinn_simple_flora_water_e, minmay_door_square
D:2:      nicolae_overflow_crystal_walls, dk_noncrumbling_3, uniq_terence

Skill      XL: |  1  2 |
---------------+-------+-----
Unarmed Combat | 1 |  1.4
Fighting       | |  2.7
Crossbows      | |  4.1
Armour         | |  0.7
Dodging        | |  1.5
Stealth        | |  1.1

Action                   || total
-------------------------++-------
Melee: Unarmed           ||    92
       Punch             ||     1
 Fire: Hand crossbow     ||    19
  Use: Scroll            ||     4
Armor: Leather armour    ||    34
Dodge: Dodged            ||    58

Table legend:
 A = Non-vault XP
 B = Vault XP
 C = Vault XP percentage of total XP
 D = Non-vault monster count
 E = Vault monster count
 F = Vault count percentage of total count
                 A         B        C        D         E       F
            +---------+---------+-------+---------+---------+-------
      Total |      34 |       0 |   0.0 |      17 |       0 |   0.0
            +---------+---------+-------+---------+---------+-------
        D:1 |      22 |       0 |   0.0 |      12 |       0 |   0.0
        D:2 |      12 |       0 |   0.0 |       5 |       0 |   0.0
            +---------+---------+-------+---------+---------+-------
